 Dungeon Crawl Stone Soup version 0.21-a0-273-g0785366 (webtiles) character file.

104 Lavandula the Ruffian (level 4, -1/36 HPs)
             Began as a Ghoul Warper on Sept 16, 2017.
             Was an Initiate of Cheibriados.
             Slain by a gnoll (8 damage)
             ... on level 5 of the Dungeon.
             The game lasted 00:06:03 (872 turns).

Lavandula the Ruffian (Ghoul Warper)                 Turns: 872, Time: 00:06:04

Health: -1/36      AC:  4    Str: 16    XL:     4   Next: 80%
Magic:  0/5        EV: 12    Int:  9    God:    Cheibriados [......]
Gold:   119        SH:  0    Dex: 13    Spells: 2/6 levels left

rFire    . . .     SeeInvis .     - Unarmed
rCold    + . .     Gourm    .   (no shield)
rNeg     + + +     Faith    .   a - +0 leather armour
rPois    ∞         Spirit   .   (no helmet)
rElec    .         Reflect  .   (no cloak)
rCorr    .         Harm     .   (no gloves)
MR       .....                  s - +0 pair of boots
Stlth    +.........             (no amulet)
HPRegen  0.00/turn              o - +4 ring of dexterity
MPRegen  0.09/turn              (no ring)

@: very slightly contaminated, rotting, slow
A: rotting body, claws 1, carnivore 3, cold resistance 1, negative energy
resistance 3, inhibited regeneration, torment resistance, unbreathing
a: Bend Time, Renounce Religion


You were on level 5 of the Dungeon.
You worshipped Cheibriados.
Cheibriados was noncommittal.
You were not hungry.

You visited 1 branch of the dungeon, and saw 5 of its levels.

You collected 119 gold pieces.

Inventory:

Hand Weapons
 g - a +0 spear
Missiles
 d - 5 tomahawks of dispersal (quivered)
 u - 7 poisoned javelins
Armour
 a - a +0 leather armour (worn)
 i - a +0 ring mail
 s - a +0 pair of boots (worn)
Jewellery
 o - a +4 ring of dexterity (left claw)
Wands
 v - a wand of iceblast (8/15)
Scrolls
 c - a scroll of blinking
 e - a scroll of fear {unknown}
 j - 2 scrolls of identify {unknown}
 k - a scroll of remove curse {unknown}
 m - a scroll of enchant weapon {unknown}
 n - a scroll of recharging {unknown}
 p - 4 scrolls of teleportation {unknown}
 t - a scroll of random uselessness {unknown}
Potions
 h - a potion of brilliance {unknown}
 q - a potion of flight {unknown}
 r - 2 potions of heal wounds {unknown}
Books
 b - a book of Spatial Translocations

   Spells                             Type                      Level
   a - Blink                          Translocation                2
   b - Shroud of Golubria             Charms/Translocation         2
   c - Lesser Beckoning               Translocation                3
   d - Gell's Gravitas                Translocation                3
   e - Teleport Other                 Translocation                3
   f - Passage of Golubria            Translocation                4
Comestibles
 f - 2 meat rations


   Skills:
 - Level 2.1 Fighting
 - Level 0.8 Polearms
 - Level 0.8 Throwing
 - Level 0.8 Armour
 - Level 1.7 Dodging
 + Level 5.1 Unarmed Combat
 - Level 1.7 Spellcasting
 - Level 2.6 Translocations


You had 2 spell levels left.
You knew the following spells:

 Your Spells              Type           Power        Failure   Level  Hunger
a - Blink                 Tloc           N/A          22%         2    ###....
b - Shroud of Golubria    Chrm/Tloc      #.........   36%         2    ###....


Dungeon Overview and Level Annotations

Branches:
Dungeon (5/15)
 Temple: D:4-7

Altars:
Cheibriados
Qazlal


Innate Abilities, Weirdness & Mutations

Your body is rotting away.
You thrive on raw meat.
You are immune to poison.
You have sharp fingernails.
You are carnivorous and can eat meat at any time.
Your flesh is cold resistant. (rC+)
You are immune to negative energy. (rN+++)
You do not regenerate when monsters are visible.
You are immune to unholy pain and torment.
You can survive without breathing.


Message History

You claw the gnoll!
The gnoll is severely wounded.
The gnoll hits you but does no damage. The gnoll barely misses you.
You scratch the gnoll but do no damage.
The gnoll is severely wounded.
The gnoll hits you with a whip! The gnoll completely misses you.
You closely miss the gnoll.
The gnoll is severely wounded.
The gnoll hits you!
* * * LOW HITPOINT WARNING * * *
The gnoll hits you but does no damage.
You claw the gnoll!
You kill the gnoll!
Cheibriados appreciates the change of pace.
Your Unarmed Combat skill increases to level 5!
The gnoll barely misses you.
You barely miss the gnoll.
The gnoll is moderately wounded.
The gnoll hits you!
You die...

#.#
########..
#<.)...#..
#.........#
#........$.#
#..........#
#........)$#
#.....$..g@#
#..........#
##.........#
.!......#
........?
.........
........#
........#


You could see a gnoll.

Vanquished Creatures
  An iguana (D:4)
  2 gnolls (D:5)
  2 adders (D:3)
  An ooze (D:1)
  An adder skeleton (D:4)
  A dart slug (D:3)
  A leopard gecko (D:2)
  An orc (D:3)
  6 bats
  A giant cockroach (D:3)
  4 hobgoblins
  2 jackals (D:3)
  2 frilled lizards
  3 goblins
  A kobold (D:2)
  2 rats
31 creatures vanquished.

Notes
Turn   | Place    | Note
-------+----------+-------------------------------------------
     0 | D:1      | Lavandula the Ghoul Warper began the quest for the Orb.
     0 | D:1      | Reached XP level 1. HP: 17/17 MP: 2/2
   172 | D:1      | Reached XP level 2. HP: 13/24 MP: 3/3
   178 | D:1      | Learned a level 2 spell: Blink
   181 | D:1      | Learned a level 2 spell: Shroud of Golubria
   276 | D:1      | Reached skill level 3 in Unarmed Combat
   385 | D:3      | Reached XP level 3. HP: 21/28 MP: 1/4
   546 | D:3      | Reached skill level 4 in Unarmed Combat
   628 | D:4      | Reached XP level 4. HP: 31/36 MP: 5/5
   665 | D:4      | Found a snail-covered altar of Cheibriados.
   723 | D:4      | Became a worshipper of Cheibriados the Contemplative
   806 | D:4      | Found a stormy altar of Qazlal.
   853 | D:5      | Entered Level 5 of the Dungeon
   871 | D:5      | Reached skill level 5 in Unarmed Combat
   872 | D:5      | Slain by a gnoll

Vault maps used:
D:1:      dpeg_arrival_pits, kennysheep_nondescript
D:2:      old_standard_altar, lemuel_coloured_pillars_altar
D:3:      grunt_temple_overflow_gold_and_silver
D:4:      regret_index_temple_of_mockery, nicolae_qazlal_eye_of_the_storm,
          cheibriados_altar_1, first_bread, minmay_cut_off
D:5:      temple_statues

Skill      XL: |  1  2  3  4 |
---------------+-------------+-----
Unarmed Combat | 3 4 5 |  5.1
Fighting       | |  2.1
Polearms       | |  0.8
Throwing       | |  0.8
Armour         | |  0.8
Dodging        | |  1.7
Spellcasting   | |  1.7
Translocations | |  2.6

Action                   |  1- 3 |  4- 6 || total
-------------------------+-------+-------++-------
Melee: Unarmed           |   120 |    21 ||   141
 Cast: Shroud of Golubri |     3 |     2 ||     5
       Blink             |       |     1 ||     1
  Eat: Chunk             |    11 |     5 ||    16
Armor: Leather armour    |    36 |     3 ||    39
Dodge: Dodged            |    55 |    13 ||    68

Table legend:
 A = Spawn XP
 B = Non-spawn XP
 C = Spawn XP percentage of total XP
 D = Spawn monster count
 E = Non-spawn monster count
 F = Spawn count percentage of total count
 G = Total turns spent on level
                    A         B        C        D         E        F      G
               +---------+---------+-------+---------+---------+-------+---------
         Total |       0 |     149 |   0.0 |       0 |      31 |   0.0 |   872
               +---------+---------+-------+---------+---------+-------+---------
           D:1 |       0 |      22 |   0.0 |       0 |      11 |   0.0 |   288
           D:2 |       0 |       8 |   0.0 |       0 |       4 |   0.0 |    92
           D:3 |       0 |      47 |   0.0 |       0 |      12 |   0.0 |   234
           D:4 |       0 |      42 |   0.0 |       0 |       2 |   0.0 |   239
           D:5 |       0 |      30 |   0.0 |       0 |       2 |   0.0 |    19
               +---------+---------+-------+---------+---------+-------+---------
